 Dungeon Crawl Stone Soup version 0.18-a0-1577-gf591c28 (webtiles) character file.

113 M4edhros the Firebug (level 4, -1/28 HPs)
             Began as an Octopode Wanderer on Mar 18, 2016.
             Slain by Natasha (10 damage)
             ... on level 2 of the Dungeon.
             The game lasted 00:04:15 (2090 turns).

M4edhros the Firebug (Octopode Wanderer)            Turns: 2090, Time: 00:04:15

Health: -1/28      AC:  2    Str: 13    XL:     4   Next: 96%
Magic:  7/7        EV: 12    Int: 16    God:
Gold:   7          SH:  0    Dex:  8    Spells: 1 memorised, 6 levels left

rFire  . . .     SeeInvis .     (no weapon)
rCold  . . .     Gourm    .     (no shield)
rNeg   . . .     Faith    .     k - +1 hat
rPois  .         Spirit   .     (no amulet)
rElec  .         Dismiss  .     n - ring of flight
rCorr  .         Reflect  .     (no ring)
SustAt .         Harm     .     (no ring)
MR     .....                    (no ring)
Stlth  ++........               (no ring)
                                (no ring)
                                (no ring)
                                (no ring)

@: not resistant to hostile enchantments, unstealthy
A: almost no armour, amphibious, 8 rings, constrict 8, camouflage 1, gelatinous
body 1
a: Evoke Flight


You were on level 2 of the Dungeon.
You were not hungry.

You visited 1 branch of the dungeon, and saw 2 of its levels.

You collected 7 gold pieces.

Inventory:

Missiles
 a - 3 throwing nets (quivered)
 h - 56 stones
 j - 11 poisoned sling bullets
Armour
 k - a +1 hat (worn)
Jewellery
 n - a ring of flight (left tentacle)
Scrolls
 g - 2 scrolls of remove curse {unknown}
 i - a scroll of fog {unknown}
 m - a scroll of magic mapping {unknown}
Potions
 d - a potion of haste {unknown}
 e - a potion of invisibility {unknown}
 o - a potion of flight {unknown}
Books
 b - the Incunabulum of the Arsonist

   Spells                             Type                      Level
   a - Flame Tongue                   Conjuration/Fire             1
   b - Ignite Poison                  Fire/Transmutation/Poison    3
 c - the Reference Book on the Escort

   Spells                             Type                      Level
   a - Summon Butterflies             Summoning                    1
   b - Summon Guardian Golem          Hexes/Summoning              3
Comestibles
 f - a bread ration
 l - a meat ration


   Skills:
 - Level 1.0 Fighting
 - Level 2.0 Dodging
 - Level 1.3 Stealth
 - Level 2.0 Spellcasting
   Level 1.0 Summonings
 + Level 4.3 Fire Magic
   Level 2.4 Poison Magic
 - Level 1.1 Evocations


You had 6 spell levels left.
You knew the following spells:

 Your Spells              Type           Power        Failure   Level  Hunger
a - Flame Tongue          Conj/Fire      #....        10%         1    #......


Dungeon Overview and Level Annotations

Branches:
Dungeon (2/15)

Altars:
Ashenzari

Annotations:
D:2 Natasha


Innate Abilities, Weirdness & Mutations

You cannot wear most types of armour.
You are amphibious.
You can wear up to eight rings at the same time.
You can use your tentacles to constrict eight enemies at once.
Your skin changes colour to match your surroundings (Stealth).
Your rubbery body absorbs attacks (AC +1).


Message History

Found a dagger.
Things that are here:
a club; a robe; the human corpse of Jessica Natasha hisses angrily.
You see here a bat corpse.
You butcher the bat corpse.
You see here a chunk of flesh.
You tentacle-slap Natasha but do no damage.
Your grab misses Natasha. Natasha casts a spell at you.
The magic dart hits you!
You completely miss Natasha. Your grab misses Natasha. Natasha misses you.
You barely miss Natasha. Your grab misses Natasha. Your squeeze misses Natasha.
Natasha misses you.
You closely miss Natasha. You grab Natasha. You constrict Natasha.
Natasha claws you!
You tentacle-slap Natasha but do no damage.
Natasha is lightly wounded.
You constrict Natasha. Natasha claws you!
You die...

#########
#......>#####
#............
#...........
#.........
#.....!.##### ###
+.......'.... ...
...#...)@h.#### .###
................
....
####+######.##.#####
.### ....... #.# ..)
#.###
.......####.#####.#
#....
...............# .#
...#.
.........##.#### #
#. .........##.# #.
###...†.)##.# ##


You could see Natasha.

Vanquished Creatures
  Jessica (D:2)
  Natasha (D:2)
  An adder (D:2)
  3 worms (D:2)
  A dart slug (D:1)
  4 giant geckos
  4 giant cockroaches
  5 goblins
  4 hobgoblins
  2 jackals (D:2)
  2 kobolds (D:1)
  A quokka (D:2)
  5 bats
  2 giant newts
  3 rats
39 creatures vanquished.

Notes
Turn   | Place    | Note
--------------------------------------------------------------
     0 | D:1      | M4edhros the Octopode Wanderer began the quest for the Orb.
     0 | D:1      | M4edhros set off with: 3 throwing nets, the Incunabulum of the Arsonist, the Reference Book on the Escort, a +0 club, a bread ration
     0 | D:1      | Reached XP level 1. HP: 13/13 MP: 3/3
     0 | D:1      | Identified the Incunabulum of the Arsonist
     0 | D:1      | Identified the Reference Book on the Escort
     2 | D:1      | Learned a level 1 spell: Flame Tongue
    19 | D:1      | Reached skill level 1 in Fire Magic
   285 | D:1      | Reached XP level 2. HP: 13/18 MP: 5/5
   461 | D:1      | Reached skill level 2 in Fire Magic
   931 | D:1      | Reached XP level 3. HP: 15/23 MP: 6/6
  1437 | D:2      | Reached skill level 3 in Fire Magic
  1464 | D:2      | Found a shattered altar of Ashenzari.
  2020 | D:2      | Noticed Natasha
  2029 | D:2      | Killed Natasha
  2029 | D:2      | Reached XP level 4. HP: 28/28 MP: 7/7
  2068 | D:2      | Noticed Jessica
  2075 | D:2      | Killed Jessica
  2075 | D:2      | Reached skill level 4 in Fire Magic
  2084 | D:2      | Noticed Natasha
  2090 | D:2      | Slain by Natasha

Vault maps used:
D:1:      dpeg_arrival_tiny_a
D:2:      lemuel_doored_altar, grunt_temple_overflow_open,
          lemuel_blue_sif_altar, uniq_jessica, uniq_natasha

Skill      XL: |  1  2  3  4 |
---------------+-------------+-----
Fire Magic     | 1 2 3 4 |  4.3
Fighting       | |  1.0
Dodging        | |  2.0
Stealth        | |  1.3
Spellcasting   | |  2.0
Summonings     | |  1.0
Poison Magic   | |  2.4
Evocations     | |  1.1

Action                   |  1- 3 |  4- 6 || total
-------------------------+-------+-------++-------
Melee: Unarmed           |   136 |    22 ||   158
  Use: Potion            |     1 |       ||     1
 Stab: Sleeping          |     7 |       ||     7
  Eat: Chunk             |     4 |       ||     4
